 Dungeon Crawl Stone Soup version 0.31-a0-859-g9dce7d3 (webtiles) character file.

Game seed: 8525925109493105002

138 Dorkslayer the Ruffian (level 5, -4/46 HPs)
             Began as a Troll Shapeshifter on Oct 9, 2023.
             Killed from afar by Ijyb (12 damage)
             ... with a bolt of dispelling energy
             ... on level 3 of the Dungeon.
             The game lasted 00:04:23 (1414 turns).

Dorkslayer the Ruffian (Troll Shapeshifter)         Turns: 1414, Time: 00:04:24

Health: -4/46      AC:  8    Str: 28    XL:     5   Next: 1%
Magic:  4/4        EV: 10    Int:  6    God:
Gold:   85         SH:  0    Dex: 11    Spells: 4/4 levels left

rFire   . .          .
                       - Unarmed
rCold   . . .        (no shield)
rNeg    . . .        a - +0 animal skin
rPois   .            (helmet currently unavailable)
rElec   .            (cloak currently unavailable)
rCorr   .            (gloves unavailable)
SInv    .            (boots unavailable)
Will    .....        (no amulet)
Stlth   +            f - +6 ring of strength
HPRegen 1.07/turn    h - +4 ring of protection
MPRegen 0.09/turn

%: no passive effects
@: lethally poisoned (-4 -> -9), beast-form
A: beast (slay +1), large, unfitting armour, claws 3, regeneration 1, shaggy fur
1, tough skin 1
a: Begin Untransformation


You were on level 3 of the Dungeon.
You were a hulking beast.
You visited 1 branch of the dungeon, and saw 3 of its levels.

You collected 125 gold pieces.
You spent 40 gold pieces at shops.

Inventory:

Missiles
 e - 2 atropa-tipped darts
 q - 3 boomerangs (quivered)
Armour
 a - a +0 animal skin (worn)
 k - a +0 cloak
Jewellery
 f - a +6 ring of strength (left claw)
 h - a +4 ring of protection (right claw)
 i - a ring of resist corrosion
Talismans
 c - a beast talisman (active)
 d - a flux talisman
 l - a serpent talisman
 m - a maw talisman
Scrolls
 g - a scroll of poison
 j - a scroll of teleportation
 p - a scroll of amnesia
Potions
 b - 2 potions of lignification
 o - a potion of might


   Skills:
 + Level 0.8 Fighting
 + Level 2.0 Dodging
 + Level 0.1 Stealth
 * Level 5.1 Unarmed Combat
 + Level 3.3 Shapeshifting


You had 4 spell levels left.
You didn't know any spells.
Your spell library contained the following spells:

 Spells                   Type           Power      Damage    Failure   Level
 Ignite Poison            Fire/Tmut/Pois 0%         N/A       83%         3
 Sticky Flame             Conj/Fire      0%         2d3       99%         4
 Ignition                 Fire           0%         3d3       100%        8


Dungeon Overview and Level Annotations

Branches:
Dungeon (3/15)

Altars:
Wu Jian

Shops:
D:1 :   D:2 !

Annotations:
D:3 Ijyb


Innate Abilities, Weirdness & Mutations

You are a hulking beast.
Your limbs bulge with bestial killing power. (Slay +1)
You are too large for most types of armour.
You have claws for hands.
Your natural rate of healing is unusually fast.
You are covered in fur. (AC +1)
You have tough skin. (AC +1)


Message History

Ijyb is severely wounded.
You feel very sick. The giant cockroach closely misses you.
You closely miss Ijyb.
Ijyb is severely wounded.
You feel very sick. Ijyb hits you but does no damage.
You are more poisoned.
The giant cockroach bites you but does no damage.
You closely miss Ijyb.
Ijyb is severely wounded.
You feel very sick. Ijyb hits you but does no damage.
The giant cockroach closely misses you.
You feel very sick.
You feel very sick. Ijyb attacks as she pursues you!
Ijyb completely misses you.
You scratch Ijyb.
Ijyb is severely wounded.
You feel sick. Ijyb hits you but does no damage.
You are more poisoned.
You closely miss Ijyb.
Ijyb is severely wounded.
You feel very sick.
Ijyb hits you with a +2 dagger of venom.
* * * LOW HITPOINT WARNING * * *
You are lethally poisoned!
It was a potion of heal wounds.
You feel much better.
You feel very sick.
Ijyb zaps a wand.
The bolt of dispelling energy hits you!
Okay, then.
You scratch Ijyb.
Ijyb is almost dead.
You feel very sick.
Ijyb zaps a wand.
The bolt of dispelling energy hits you!
* * * LOW HITPOINT WARNING * * *
You barely miss Ijyb.
Ijyb is almost dead.
You feel very sick.
Ijyb zaps a wand.
The bolt of dispelling energy hits you!
You die...

#.# ##.## #.# ##...## ##
#.# ##...$.##
.###########.###.......##.
#§§........†............/.
§§########.##.##.......#
.§# #.##.###.....# §§#
#.#...###...# §##
#......hgB.## ##
###...###### .. #.#.# ##
..###.# ### ##


You could see Ijyb and a giant cockroach.

Vanquished Creatures
  Jessica (D:2)
  6 adders
  2 worms (D:2)
  An orc (D:3)
  5 bats
  3 endoplasms
  A goblin (D:3)
  3 hobgoblins
  7 jackals
  2 quokkas
  4 ball pythons
  5 frilled lizards
  8 kobolds
  9 rats
57 creatures vanquished.

Notes
Turn   | Place    | Note
-------+----------+-------------------------------------------
     0 | D:1      | Dorkslayer the Troll Shapeshifter began the quest for the
                  | Orb.
     0 | D:1      | Reached XP level 1. HP: 18/18 MP: 0/0
     2 | D:1      | Noticed an elf
     2 | D:1      | Noticed a minotaur
     4 | D:1      | Noticed a naga
     4 | D:1      | Noticed a human
     6 | D:1      | Noticed a gargoyle
     6 | D:1      | Noticed a draconian
     8 | D:1      | Noticed a vine stalker
     8 | D:1      | Noticed a meteoran
    10 | D:1      | Noticed an octopode
    12 | D:1      | Noticed a formicid
    12 | D:1      | Noticed a tengu
    14 | D:1      | Noticed a demonspawn
    14 | D:1      | Noticed a spriggan
    16 | D:1      | Noticed a vampire
    16 | D:1      | Noticed a ghoul
    18 | D:1      | Noticed a felid
    20 | D:1      | Noticed a demigod
    20 | D:1      | Noticed a merfolk
    22 | D:1      | Noticed a troll
    24 | D:1      | Noticed an armataur
    24 | D:1      | Noticed a minotaur
    26 | D:1      | Noticed an armataur
    83 | D:1      | Found Paunk's Book Shop.
   237 | D:1      | Reached XP level 2. HP: 26/26 MP: 1/1
   584 | D:2      | Found an ornate altar of the Wu Jian Council.
   599 | D:2      | Reached skill level 4 in Unarmed Combat
   599 | D:2      | Reached XP level 3. HP: 31/32 MP: 2/2
   621 | D:2      | Identified the +0 scale mail of Joy {Harm Str+5}
   626 | D:2      | Found Igaiqyp's Armour Boutique.
   680 | D:2      | Noticed Jessica
   687 | D:2      | Killed Jessica
   688 | D:2      | Reached XP level 4. HP: 40/40 MP: 3/3
   697 | D:2      | Found Foma's Distillery.
   705 | D:2      | Bought a potion of might for 40 gold pieces
  1057 | D:3      | Reached skill level 5 in Unarmed Combat
  1391 | D:3      | Reached XP level 5. HP: 46/46 MP: 4/4
  1400 | D:3      | Noticed Ijyb
  1414 | D:3      | Killed from afar by Ijyb

Illustrated notes

Levels and vault maps discovered:
D:1:      kb_arrival_jail, layout_basic, serial_shops, nicolae_shop_statue_plus
D:2:      layout_rooms, basic_altar, serial_shops, nicolae_shop_statue_plus,
          shop, uniq_jessica
D:3:      layout_loops_ring, minivault_26, corexii_hall_statues_u, uniq_ijyb

Skill      XL: |  1  2  3  4 |
---------------+-------------+-----
Unarmed Combat | 4 5 |  5.1
Dodging        | 2 |  2.0
Fighting       | |  0.8
Stealth        | |  0.1
Shapeshifting  | |  3.3

Action                     |  1- 3 |  4- 6 || total
---------------------------+-------+-------++-------
  Melee: Unarmed           |    64 |    65 ||   129
    Use: Scroll            |     4 |     2 ||     6
         Potion            |       |     1 ||     1
   Stab: Sleeping          |     1 |       ||     1
 Armour: Animal skin       |    41 |    37 ||    78
  Dodge: Dodged            |    31 |    30 ||    61

Table legend: (Time is in decaauts)
 A = Elapsed time spent in this place.
 B = Non-inter-level travel time spent in this place.
 C = Inter-level travel time spent in this place.
 D = Time resting spent in this place.
 E = Time spent auto-exploring this place.
 F = Levels seen in this place.
 G = Mean time per level.
                   A        B        C        D        E       F      G
               +--------+--------+--------+--------+--------+-----+--------+
         Total |   1402 |   1402 |      0 |      0 |    632 |   3 |  467.3 |
       Dungeon |   1402 |   1402 |      0 |      0 |    632 |   3 |  467.3 |
               +--------+--------+--------+--------+--------+-----+--------+

Top non-repeatable levels by time:
     D:1: 570 daAuts
     D:3: 468 daAuts
     D:2: 363 daAuts
